[Event "Titled Tuesday Blitz February 14 Late 2023"]
[White "Smith, Garrett L"]
[Black "Koutlas, Nikolaos"]
[WhiteFideId "2024829"]
[BlackFideId "25827138"]
[WhiteElo "2047"]
[BlackElo "2341"]
[Result "1-0"]
[Round "02"]
[TimeControl "180+2"]
[Date "2023.02.14"]
[WhiteClock "0:00:13"]
[BlackClock "0:00:05"]

1. e4 c5 2. a3 g6 3. b4 Bg7 4. Nc3 b6 5. Nf3 Bb7 6. bxc5 bxc5 7. Qe2 Nc6 8. Rb1 Rb8 9. g3 Nd4 10. Nxd4 cxd4 11. Nd5 Bxd5 12. Rxb8 Qxb8 13. exd5 Qb1 14. Kd1 Nf6 15. Qc4 O-O 16. Bd3 Ng4 17. Ke2 e6 18. d6 Qb7 19. Rf1 Nxh2 20. Rg1 Qf3+ 21. Ke1 Ng4 22. Rf1 Ne5 23. Qxd4 Nxd3+ 24. Qxd3 Qxd3 25. cxd3 Rc8 26. Ke2 Rc6 27. a4 Rxd6 28. Ba3 Ra6 29. Rb1 Be5 30. f4 Rxa4 31. Be7 Bc7 32. Rb7 Ba5 33. Bf6 Rb4 34. Rxa7 Rb8 35. Rxa5 d5 36. Ra7 h6 37. g4 Rc8 38. g5 hxg5 39. fxg5 Kf8 40. d4 Re8 41. Kf3 Rc8 42. Kf4 Re8 43. Ke5 Rb8 44. Kd6 Re8 45. Rd7 Rb8 46. Rd8+ Rxd8+ 47. Bxd8 Ke8 48. Be7 f5 49. gxf6 Kf7 50. Ke5 g5 51. d3 g4 52. Kf4 e5+ 53. dxe5 Ke6 54. Kxg4 d4 55. Kf4 1-0


[Site "https://www.chess.com"]

[Event "Titled Tuesday Blitz February 14 Late 2023"]
[White "Erdogan, Anil Berk"]
[Black "Zaksaite, Salomeja"]
[WhiteFideId "6348173"]
[BlackFideId "12801496"]
[WhiteElo "2091"]
[BlackElo "2283"]
[Result "1-0"]
[Round "02"]
[TimeControl "180+2"]
[Date "2023.02.14"]
[WhiteClock "0:00:10"]
[BlackClock "0:00:01"]

1. e4 c5 2. Nf3 Nc6 3. d4 cxd4 4. Nxd4 Nf6 5. Nc3 e5 6. Ndb5 d6 7. Nd5 Nxd5 8. exd5 Nb8 9. c4 a6 10. Nc3 Be7 11. Bd3 O-O 12. O-O f5 13. f3 Bg5 14. a3 Nd7 15. b4 Bxc1 16. Qxc1 a5 17. Qe3 Qf6 18. Be2 e4 19. fxe4 f4 20. Qd2 axb4 21. axb4 Rxa1 22. Rxa1 Ne5 23. Rf1 Bd7 24. c5 g5 25. h3 Rc8 26. Rb1 f3 27. Rf1 dxc5 28. bxc5 Rxc5 29. Bxf3 Kg7 30. Ne2 Nxf3+ 31. Rxf3 Qe5 32. Qd4 Rc1+ 33. Kf2 1-0


[Site "https://www.chess.com"]

[Event "Titled Tuesday Blitz February 14 Late 2023"]
[White "Sivakumar, Shaaketh"]
[Black "Clawitter, Craig"]
[WhiteFideId "30940176"]
[BlackFideId "2023105"]
[WhiteElo "2337"]
[BlackElo "2050"]
[Result "1-0"]
[Round "02"]
[TimeControl "180+2"]
[Date "2023.02.14"]
[WhiteClock "0:01:11"]
[BlackClock "0:00:03"]

1. e4 e6 2. d4 d5 3. Nd2 Be7 4. Ngf3 Nf6 5. e5 Nfd7 6. Bd3 c5 7. c3 Nc6 8. a3 a5 9. h4 cxd4 10. cxd4 Qb6 11. Qe2 Nxd4 12. Nxd4 Qxd4 13. Nf3 Qb6 14. O-O O-O 15. Be3 Bc5 16. Bxh7+ Kxh7 17. Ng5+ Kh6 18. Bf4 g6 19. Nxe6+ Kh7 20. Nxf8+ Nxf8 21. h5 Bf5 22. hxg6+ Bxg6 23. Rad1 Ne6 24. Bg3 Rd8 25. Bh4 Rd7 26. Bf6 Be7 27. Rd3 Bxf6 28. Rh3+ Kg8 29. exf6 d4 30. Qd2 Nf8 31. Rh8+ 1-0


[Site "https://www.chess.com"]

[Event "Titled Tuesday Blitz February 14 Late 2023"]
[White "Zampronha, Wladimir Camilo"]
[Black "reevecanada"]
[WhiteFideId "2103087"]
[WhiteElo "2176"]
[BlackElo "2466"]
[Result "1-0"]
[Round "02"]
[TimeControl "180+2"]
[Date "2023.02.14"]
[WhiteClock "0:00:11"]
[BlackClock "0:00:04"]

1. e4 c5 2. Nf3 d6 3. d4 cxd4 4. Nxd4 Nf6 5. Nc3 a6 6. Bg5 e6 7. f4 Be7 8. Qf3 Nbd7 9. O-O-O Qc7 10. g4 h6 11. Bxf6 Bxf6 12. h4 Bxd4 13. Rxd4 b5 14. Bxb5 axb5 15. Nxb5 Qb6 16. Nxd6+ Ke7 17. Rhd1 Nc5 18. Kb1 Bb7 19. Nxb7 Qxb7 20. Qc3 Rhc8 21. Rb4 Qa7 22. a3 Nxe4 23. Qxg7 Nf2 24. Rd2 Rab8 25. Qxh6 Nxg4 26. Qg5+ Nf6 27. Rbd4 Qxa3 28. Rd7+ Ke8 29. Qxf6 Qf8 30. f5 Ra8 31. fxe6 Ra1+ 32. Kxa1 Ra8+ 33. Kb1 Ra1+ 34. Kxa1 Qa3+ 35. bxa3 Kf8 36. Qxf7# 1-0


[Site "https://www.chess.com"]

[Event "Titled Tuesday Blitz February 14 Late 2023"]
[White "Taboas Rodriguez, Daniel"]
[Black "Dylag, Emilia"]
[WhiteFideId "2208466"]
[BlackFideId "21805172"]
[WhiteElo "2371"]
[BlackElo "2095"]
[Result "1-0"]
[Round "02"]
[TimeControl "180+2"]
[Date "2023.02.14"]
[WhiteClock "0:01:43"]
[BlackClock "0:01:27"]

1. d4 Nf6 2. Nf3 e6 3. c4 d5 4. Nc3 Bb4 5. Bg5 dxc4 6. e3 b5 7. a4 c6 8. Be2 Bb7 9. O-O a6 10. Ne5 Be7 11. f4 Nbd7 12. Bf3 Qc7 13. axb5 axb5 14. Rxa8+ Bxa8 15. Nxb5 cxb5 16. Bxa8 O-O 17. Bf3 h6 18. Bh4 Nxe5 19. fxe5 Nd5 20. Bxd5 exd5 21. Bf6 Bxf6 22. exf6 g6 23. Qf3 Qd6 24. Qh3 Kh7 25. Rf4 Re8 26. Qf3 b4 27. Rh4 Qe6 28. Kf2 g5 29. Rh5 b3 30. Rxg5 hxg5 31. Qh5+ Kg8 32. Qxg5+ Kf8 33. Qg7# 1-0


[Site "https://www.chess.com"]

[Event "Titled Tuesday Blitz February 14 Late 2023"]
[White "Remolar Gallen, Jose"]
[Black "Sariego Figueredo, Wilfredo"]
[WhiteFideId "2215187"]
[BlackFideId "3500080"]
[WhiteElo "2285"]
[BlackElo "2318"]
[Result "1-0"]
[Round "02"]
[TimeControl "180+2"]
[Date "2023.02.14"]
[WhiteClock "0:00:15"]
[BlackClock "0:00:04"]

1. e4 c5 2. Nf3 a6 3. c3 d5 4. exd5 Qxd5 5. d4 cxd4 6. cxd4 Nf6 7. Nc3 Qd6 8. Be2 e6 9. O-O Be7 10. Bg5 O-O 11. Qd2 b5 12. Bf4 Qd8 13. Ne5 Bb7 14. Rad1 Qb6 15. Bd3 Rd8 16. Bb1 Nc6 17. Nf3 Bb4 18. Qd3 Bxc3 19. bxc3 Na5 20. Rfe1 Nc4 21. Bg5 Nb2 22. Qc2 Be4 23. Rxe4 Nxd1 24. Rh4 Nxc3 25. Qxc3 Rac8 26. Qd3 Rc1+ 27. Bxc1 Rc8 28. Bd2 Qa5 29. Bxa5 Rc1+ 30. Be1 Nd5 31. Rxh7 Kf8 32. Rh8+ Ke7 33. Kf1 Nb4 34. Qa3 Rxb1 35. Qxb4+ Rxb4 36. Bxb4+ Kf6 37. Ne5 g6 38. Rf8 Kg5 39. Rxf7 Kh6 40. f4 a5 41. h4 Kh5 42. Be1 Kh6 43. g4 g5 44. hxg5# 1-0


[Site "https://www.chess.com"]

[Event "Titled Tuesday Blitz February 14 Late 2023"]
[White "De Souza, Cristiano Gomes"]
[Black "Gurevich, Dmitry"]
[WhiteFideId "2151758"]
[BlackFideId "2000407"]
[WhiteElo "2018"]
[BlackElo "2393"]
[Result "0-1"]
[Round "02"]
[TimeControl "180+2"]
[Date "2023.02.14"]
[WhiteClock "0:00:51"]
[BlackClock "0:01:22"]

1. d4 Nf6 2. c4 a6 3. Nf3 c5 4. d5 b5 5. cxb5 axb5 6. Nc3 b4 7. Na4 Qa5 8. b3 d6 9. Bb2 Bd7 10. Bxf6 exf6 11. Nb2 g6 12. Nc4 Qc7 13. e4 Bg7 14. Bd3 f5 15. exf5 O-O 16. O-O Bb5 17. Rc1 Rxa2 18. Rc2 Ra1 19. Qe2 Rxf1+ 20. Kxf1 Nd7 21. g4 Nf6 22. g5 Re8 23. Qd2 Nxd5 24. f6 Bf8 25. Bxg6 hxg6 26. Qxd5 Bc6 27. Qd3 Qd7 28. Nh4 Be4 0-1


[Site "https://www.chess.com"]

[Event "Titled Tuesday Blitz February 14 Late 2023"]
[White "dodoucb"]
[Black "Torres Dominguez, David"]
[BlackFideId "2220857"]
[WhiteElo "2458"]
[BlackElo "1994"]
[Result "0-1"]
[Round "02"]
[TimeControl "180+2"]
[Date "2023.02.14"]
[WhiteClock "0:00:10"]
[BlackClock "0:00:56"]

1. d4 e5 2. dxe5 d6 3. exd6 Bxd6 4. Nf3 Bg4 5. c3 Nc6 6. Be3 Qe7 7. Nbd2 O-O-O 8. Qa4 Nf6 9. O-O-O Bd7 10. Qc2 Ng4 11. Bg5 f6 12. Bh4 g5 13. h3 Nh6 14. Bg3 Bxg3 15. fxg3 Nf5 16. Qe4 Nxg3 17. Qxe7 Nxe7 18. Rg1 h5 19. e4 h4 20. Bc4 Ng6 21. Rde1 Nf4 22. Kc2 Rhe8 23. Nd4 c5 24. Nb5 Bxb5 25. Bxb5 Re7 26. Bc4 a6 27. a4 Rde8 28. Bd3 f5 29. e5 Rxe5 30. Rxe5 Rxe5 31. Nf3 Re3 32. Bc4 Nxh3 0-1


[Site "https://www.chess.com"]

[Event "Titled Tuesday Blitz February 14 Late 2023"]
[White "Wang, Alexander J"]
[Black "Buchenau, Frank"]
[WhiteFideId "30955270"]
[BlackFideId "4604350"]
[WhiteElo "1815"]
[BlackElo "2222"]
[Result "0-1"]
[Round "02"]
[TimeControl "180+2"]
[Date "2023.02.14"]
[WhiteClock "0:01:37"]
[BlackClock "0:02:23"]

1. e4 e6 2. d4 d5 3. e5 c5 4. c3 Qb6 5. Nf3 Bd7 6. Be2 cxd4 7. cxd4 Bb5 8. O-O Bxe2 9. Qxe2 Nc6 10. Nc3 Nge7 11. Be3 Nf5 12. Rfd1 Be7 13. a3 Rc8 14. Rac1 O-O 15. b4 a6 16. Na4 Qb5 17. Qxb5 axb5 18. Nc5 Bxc5 19. Rxc5 b6 20. Rc3 Nxe5 21. Rxc8 Nxf3+ 22. gxf3 Rxc8 23. Rc1 0-1


[Site "https://www.chess.com"]

[Event "Titled Tuesday Blitz February 14 Late 2023"]
[White "Davidson, Kevin"]
[Black "Romero Ruscalleda, Josep"]
[WhiteFideId "2056810"]
[BlackFideId "2231859"]
[WhiteElo "2154"]
[BlackElo "2160"]
[Result "0-1"]
[Round "02"]
[TimeControl "180+2"]
[Date "2023.02.14"]
[WhiteClock "0:00:01"]
[BlackClock "0:01:00"]

1. e4 g6 2. d4 Bg7 3. Nc3 d6 4. f4 a6 5. Nf3 b5 6. Bd3 Bb7 7. a4 b4 8. Ne2 Nf6 9. e5 Nd5 10. O-O e6 11. c3 bxc3 12. bxc3 O-O 13. Rb1 Qc8 14. Qe1 c5 15. Ng5 cxd4 16. cxd4 Nc6 17. Qh4 h6 18. Ne4 dxe5 19. fxe5 Qd7 20. Nc5 Qe7 21. Qxe7 Ncxe7 22. Rxb7 Rfc8 23. Bxa6 Rxc5 24. dxc5 Rxa6 25. Nf4 Rxa4 26. Nxd5 Nxd5 27. Bb2 Nf4 28. c6 Rc4 29. c7 Kh7 30. Rc1 Ne2+ 31. Kf2 Nxc1 32. Bxc1 Rxc1 33. Ke3 Bxe5 34. c8=Q Rxc8 35. Rxf7+ Bg7 36. Re7 e5 37. h4 Rc3+ 0-1


[Site "https://www.chess.com"]

[Event "Titled Tuesday Blitz February 14 Late 2023"]
[White "Jovic, Stanoje"]
[Black "mestrefeitosa19"]
[WhiteFideId "905020"]
[WhiteElo "2075"]
[BlackElo "2187"]
[Result "1-0"]
[Round "02"]
[TimeControl "180+2"]
[Date "2023.02.14"]
[WhiteClock "0:02:40"]
[BlackClock "0:01:39"]

1. c4 e6 2. g3 d5 3. Bg2 Nf6 4. Nf3 Be7 5. O-O O-O 6. d4 b6 7. Ne5 Bb7 8. Nc3 Nbd7 9. Qa4 Nxe5 10. dxe5 Ne4 11. Nxe4 dxe4 12. Rd1 Qc8 13. Qc2 c5 14. Bxe4 Bxe4 15. Qxe4 Rd8 16. Bf4 Qc7 17. h4 a6 18. a4 Rd7 19. Qxa8+ 1-0


[Site "https://www.chess.com"]

[Event "Titled Tuesday Blitz February 14 Late 2023"]
[White "Lopez Perdomo, Juan David"]
[Black "Le Goff, Ronan"]
[WhiteFideId "4405137"]
[BlackFideId "612073"]
[WhiteElo "2029"]
[BlackElo "2320"]
[Result "0-1"]
[Round "02"]
[TimeControl "180+2"]
[Date "2023.02.14"]
[WhiteClock "0:00:01"]
[BlackClock "0:01:04"]

1. e4 e5 2. Nf3 Nc6 3. Bb5 Nf6 4. d3 d6 5. h3 Bd7 6. c3 g6 7. O-O Bg7 8. Re1 O-O 9. Ba4 Re8 10. Nbd2 h6 11. Nf1 Nh5 12. Ng3 Nxg3 13. fxg3 Qe7 14. g4 Rad8 15. Be3 b6 16. Qd2 Nb8 17. Bxd7 Nxd7 18. Rf1 Kh7 19. Rf2 f6 20. Raf1 Nf8 21. h4 Ne6 22. g5 fxg5 23. hxg5 h5 24. Nh4 Rf8 25. Qe2 Rxf2 26. Qxf2 Nxg5 27. Nxg6 Kxg6 28. Bxg5 Qxg5 29. Qf7+ Kh6 30. Rf5 Rf8 31. Qxc7 Rxf5 32. exf5 Qxf5 33. Qxd6+ Kh7 34. Qc7 Qxd3 35. Qxa7 Qe3+ 36. Kh1 h4 37. Qd7 Qe1+ 38. Kh2 Qg3+ 39. Kh1 Qf4 40. Qd3+ e4 41. Qd7 e3 0-1


[Site "https://www.chess.com"]

[Event "Titled Tuesday Blitz February 14 Late 2023"]
[White "Martic, Ivan"]
[Black "Curtis, John"]
[WhiteFideId "929301"]
[BlackFideId "3200256"]
[WhiteElo "2301"]
[BlackElo "2292"]
[Result "1-0"]
[Round "02"]
[TimeControl "180+2"]
[Date "2023.02.14"]
[WhiteClock "0:01:06"]
[BlackClock "0:00:01"]

1. d4 d5 2. c4 e6 3. Nc3 Nf6 4. cxd5 exd5 5. Bg5 c6 6. e3 Be7 7. Bd3 Bg4 8. f3 Bc8 9. Nge2 Nh5 10. Bxe7 Qxe7 11. Qd2 Qh4+ 12. g3 Qe7 13. O-O-O O-O 14. Nf4 Nxf4 15. gxf4 f5 16. Rhg1 Nd7 17. Rg5 Nb6 18. Rdg1 Rf7 19. h4 Be6 20. h5 Re8 21. Qg2 Kh8 22. Kb1 Nd7 23. Ne2 Nf8 24. Ng3 g6 25. hxg6 hxg6 26. Rh1+ Rh7 27. Nf1 Rxh1 28. Qxh1+ Qh7 29. Qg1 Bf7 30. Rg2 Kg8 31. Ng3 Qg7 32. Nxf5 Qf6 33. Nh6+ Kg7 34. Ng4 Qe7 35. Ne5 Qf6 36. f5 Rxe5 37. dxe5 Qxe5 38. fxg6 Bg8 39. Qe1 Ne6 40. Qc3 Qxc3 41. bxc3 Nc5 42. Bc2 b5 43. f4 Nd7 44. Kb2 1-0


[Site "https://www.chess.com"]

[Event "Titled Tuesday Blitz February 14 Late 2023"]
[White "Sabar, Ethmane Daouda"]
[Black "Goncalves, Davi Sulzbacher"]
[WhiteFideId "19600097"]
[BlackFideId "2154510"]
[WhiteElo "2040"]
[BlackElo "2282"]
[Result "1-0"]
[Round "02"]
[TimeControl "180+2"]
[Date "2023.02.14"]
[WhiteClock "0:02:11"]
[BlackClock "0:01:42"]

1. e4 c5 2. a3 d5 3. exd5 Qxd5 4. Nf3 Bg4 5. Nc3 Qe6+ 6. Qe2 Bxf3 7. Qxe6 fxe6 8. gxf3 Nc6 9. Bb5 Kd7 10. Ne4 b6 11. Ng5 Nf6 12. Nf7 Kc7 13. Bxc6 Kxc6 14. Nxh8 Kd5 15. Nf7 h6 16. f4 g5 17. fxg5 h5 18. gxf6 exf6 1-0


[Site "https://www.chess.com"]

[Event "Titled Tuesday Blitz February 14 Late 2023"]
[White "Fernandez Garcia, Gumersindo"]
[Black "Cardozo Munar, Carlos Eduardo"]
[WhiteFideId "24516740"]
[BlackFideId "4409477"]
[WhiteElo "2160"]
[BlackElo "2043"]
[Result "1-0"]
[Round "02"]
[TimeControl "180+2"]
[Date "2023.02.14"]
[WhiteClock "0:00:53"]
[BlackClock "0:01:36"]

1. e4 e6 2. d4 d5 3. Bd3 Nf6 4. e5 Nfd7 5. c3 c5 6. f4 Nc6 7. Nf3 Qb6 8. Bc2 cxd4 9. cxd4 Nb4 10. Ba4 Qa6 11. Nc3 Nd3+ 12. Kd2 Nxf4 13. g3 Qd3+ 14. Ke1 Qxd1+ 15. Kxd1 Nd3 16. Ke2 Nxc1+ 17. Raxc1 a6 18. Rhf1 f6 19. exf6 gxf6 20. Nh4 Bh6 21. Rce1 Ke7 22. Kd3 b5 23. Nf5+ Kd8 24. Nxh6 Kc7 25. Bb3 Kd6 26. Nf7+ Kc6 27. Nxh8 Nb6 28. Rxf6 Ra7 29. Nf7 Kd7 30. Ne5+ Ke7 31. Rf7+ 1-0


[Site "https://www.chess.com"]

[Event "Titled Tuesday Blitz February 14 Late 2023"]
[White "Davalos Prieto, Abel Justo"]
[Black "Papayan, Oleg"]
[WhiteFideId "5102766"]
[BlackFideId "4193911"]
[WhiteElo "2029"]
[BlackElo "2253"]
[Result "0-1"]
[Round "02"]
[TimeControl "180+2"]
[Date "2023.02.14"]
[WhiteClock "0:00:32"]
[BlackClock "0:00:08"]

1. d4 Nf6 2. Bf4 d5 3. Nf3 c5 4. e3 Nc6 5. Nbd2 Bf5 6. Bb5 Qb6 7. a4 a6 8. dxc5 Qxc5 9. Nb3 Qb6 10. Bd3 Bxd3 11. cxd3 Qb4+ 12. Nfd2 e5 13. Bg3 h5 14. h4 Bd6 15. O-O O-O 16. Nf3 Rac8 17. d4 e4 18. Bxd6 Qxd6 19. Nfd2 Ng4 20. g3 Nb4 21. Nc5 a5 22. Ncxe4 dxe4 23. Nxe4 Qc6 24. Qf3 Rfe8 25. Ng5 Qxf3 26. Nxf3 Rc7 27. Rac1 Rec8 28. Rxc7 Rxc7 29. Rd1 Rc2 30. d5 Rc5 31. e4 f5 32. d6 fxe4 33. d7 Nc6 34. d8=Q+ Nxd8 35. Rxd8+ Kf7 36. Ng5+ Ke7 37. Rg8 Rc2 38. Rxg7+ Kf6 39. Nxe4+ Kxg7 40. Kg2 Rxb2 41. Kf3 Rb4 42. Nd6 b6 43. Nf5+ Kf6 44. Ne3 Nxe3 45. Kxe3 Rxa4 46. f3 Rb4 47. Kd3 a4 48. Kc2 Rb3 49. g4 Rxf3 50. gxh5 Rh3 51. h6 Rxh4 52. h7 Rxh7 0-1


[Site "https://www.chess.com"]

[Event "Titled Tuesday Blitz February 14 Late 2023"]
[White "Slade, Theodore"]
[Black "Sailer, Mike"]
[WhiteFideId "426547"]
[BlackFideId "2012901"]
[WhiteElo "1995"]
[BlackElo "2109"]
[Result "1-0"]
[Round "02"]
[TimeControl "180+2"]
[Date "2023.02.14"]
[WhiteClock "0:01:19"]
[BlackClock "0:00:03"]

1. d4 d5 2. c4 Bf5 3. cxd5 Bxb1 4. Qa4+ Qd7 5. Qxd7+ Nxd7 6. Rxb1 Ngf6 7. e3 Nb6 8. Bb5+ Nbd7 9. Bd2 Nxd5 10. Rc1 c6 11. Bd3 e6 12. Nf3 Bb4 13. O-O Bxd2 14. Nxd2 O-O 15. a3 e5 16. Nf3 exd4 17. Nxd4 Ne5 18. Be4 Rad8 19. Rfd1 Rfe8 20. Nf5 g6 21. Bxd5 gxf5 22. Bb3 f4 23. exf4 Nd3 24. Rc2 Nxf4 25. Rxd8 Rxd8 26. h3 Rd6 27. Kh2 Kf8 28. g3 Ne6 29. Bxe6 Rxe6 30. Rd2 Ke7 31. Kg2 Re1 32. Kf3 Rh1 33. h4 Rb1 34. Re2+ Kd7 35. Rd2+ Ke7 36. Kf4 Rc1 37. Kg5 Rc5+ 38. Kh6 f6 39. Kxh7 Rf5 40. Kg6 Rf3 41. h5 Rb3 42. h6 1-0


[Site "https://www.chess.com"]

[Event "Titled Tuesday Blitz February 14 Late 2023"]
[White "Marcolino, Daniel Mattos"]
[Black "Mujumdar, Sameer"]
[WhiteFideId "2106841"]
[BlackFideId "2029707"]
[WhiteElo "2006"]
[BlackElo "1992"]
[Result "0-1"]
[Round "02"]
[TimeControl "180+2"]
[Date "2023.02.14"]
[WhiteClock "0:00:03"]
[BlackClock "0:00:22"]

1. d4 Nf6 2. Nf3 g6 3. g3 Bg7 4. Bg2 O-O 5. O-O d6 6. b3 c6 7. Bb2 Qa5 8. Nbd2 Qh5 9. e4 Bg4 10. Re1 Nbd7 11. Qe2 e5 12. Qe3 Rfe8 13. dxe5 dxe5 14. a4 Bh6 15. Qc3 Rad8 16. Nc4 Nf8 17. Nfxe5 Bg7 18. Qb4 Bh3 19. Qxb7 Bxg2 20. Kxg2 Re6 21. Qxf7+ Kh8 22. Qxa7 Kg8 23. Qa5 Rde8 24. Nf3 Qg4 25. Rad1 Rxe4 26. Rxe4 Nxe4 27. Ne3 Qe6 28. Bxg7 Kxg7 29. Qb4 h6 30. Qd4+ Kh7 31. Qb2 Nd7 32. Nc4 Ndf6 33. Qd4 Qg4 34. h3 Qf5 35. g4 Nxg4 36. hxg4 Qxg4+ 37. Kf1 Qh3+ 38. Ke2 Nc3+ 39. Kd2 Nxd1 40. Kxd1 Qxf3+ 41. Kc1 Qd5 42. Qxd5 cxd5 43. Nd6 Re6 44. Nb5 h5 45. a5 h4 46. a6 Rxa6 47. Nc7 Rc6 48. Nxd5 h3 49. Nf6+ Rxf6 50. b4 h2 51. b5 h1=Q+ 0-1


[Site "https://www.chess.com"]

[Event "Titled Tuesday Blitz February 14 Late 2023"]
[White "Nilsson, Joakim"]
[Black "Souza, Gustavo Horokoski De"]
[WhiteFideId "1723383"]
[BlackFideId "2146584"]
[WhiteElo "2188"]
[BlackElo "1943"]
[Result "1-0"]
[Round "02"]
[TimeControl "180+2"]
[Date "2023.02.14"]
[WhiteClock "0:01:44"]
[BlackClock "0:00:04"]

1. d4 Nf6 2. h4 c5 3. d5 e6 4. c4 exd5 5. cxd5 d6 6. Nc3 g6 7. e4 Bg7 8. Bb5+ Bd7 9. a4 a6 10. Bd3 h5 11. Bg5 O-O 12. Nge2 Re8 13. f3 Qa5 14. Qd2 b5 15. O-O b4 16. Nd1 Qb6 17. Ne3 Nh7 18. Nc4 Qc7 19. Bf4 Bf8 20. b3 a5 21. Bh6 Bc8 22. Bxf8 Nxf8 23. Rae1 Ba6 24. Ng3 Bxc4 25. Bxc4 Nbd7 26. Qg5 Nh7 27. Qh6 Ne5 28. Bb5 Re7 29. Qd2 Rf8 30. f4 Ng4 31. f5 Qc8 32. fxg6 fxg6 33. Rxf8+ Qxf8 34. Rf1 Rf7 35. Bd7 Rxf1+ 36. Nxf1 Nhf6 37. Be6+ Kg7 38. Ng3 Qe7 39. Qg5 Qe8 40. Nf5+ Kh7 41. Nxd6 Qf8 42. Nf7 Nxe4 43. Qf4 Nef6 44. Ng5+ Kg7 45. Bxg4 Qe7 46. Ne6+ Kh7 47. Bf3 Qd7 48. Qxf6 1-0


[Site "https://www.chess.com"]

[Event "Titled Tuesday Blitz February 14 Late 2023"]
[White "Mazurkiewicz, Michal"]
[Black "Bongo Akanga Ndjila, Barthelemy"]
[WhiteFideId "1124943"]
[BlackFideId "10609431"]
[WhiteElo "2145"]
[BlackElo "1824"]
[Result "1-0"]
[Round "02"]
[TimeControl "180+2"]
[Date "2023.02.14"]
[WhiteClock "0:00:46"]
[BlackClock "0:00:02"]

1. e4 e6 2. d3 d5 3. Nd2 c5 4. Ngf3 Nf6 5. g3 Nc6 6. Bg2 Be7 7. O-O O-O 8. e5 Nd7 9. Re1 Qc7 10. Qe2 Nd4 11. Nxd4 cxd4 12. Nf3 Qc5 13. h4 b5 14. h5 h6 15. Bf4 a5 16. Qd2 Re8 17. g4 b4 18. g5 hxg5 19. Bxg5 Bxg5 20. Qxg5 Nf8 21. Bh3 a4 22. Kh2 Ra7 23. Rg1 g6 24. Qf6 Nh7 25. Qf4 Kg7 26. Nxd4 b3 27. axb3 axb3 28. Nxb3 Qc7 29. hxg6 fxg6 30. Rxg6+ Kh8 31. Rag1 Rf8 32. Qg3 Qf7 33. Rg2 Ba6 34. Nd4 Raa8 35. Nxe6 Rg8 36. Rxg8+ Rxg8 37. Qxg8+ Qxg8 38. Rxg8+ Kxg8 39. Nf4 Bb7 40. Be6+ Kg7 41. Bxd5 Bc8 42. b4 Ng5 43. b5 Nf7 44. Bxf7 Kxf7 45. c4 Ke7 46. d4 Kd7 47. d5 Kc7 48. c5 Kb7 49. d6 Bf5 50. e6 Kc8 51. c6 1-0


[Site "https://www.chess.com"]

[Event "Titled Tuesday Blitz February 14 Late 2023"]
[White "Marin Masis, Jose Esteban"]
[Black "Drnovsek, Gal"]
[WhiteFideId "6508146"]
[BlackFideId "14607077"]
[WhiteElo "1938"]
[BlackElo "2397"]
[Result "0-1"]
[Round "02"]
[TimeControl "180+2"]
[Date "2023.02.14"]
[WhiteClock "0:00:06"]
[BlackClock "0:01:11"]

1. e4 e5 2. Nf3 Nc6 3. Bb5 a6 4. Ba4 b5 5. Bb3 g6 6. d4 exd4 7. Nxd4 Na5 8. O-O Bg7 9. a4 b4 10. Qf3 Nxb3 11. Nxb3 Bb7 12. c3 bxc3 13. Nxc3 d6 14. Na5 Qc8 15. Nd5 Rb8 16. Bg5 c6 17. Nf6+ Kf8 18. Rad1 Nxf6 19. Bxf6 Qe6 20. Bxg7+ Kxg7 21. Nxc6 Bxc6 22. Qc3+ Qe5 23. Qxc6 Rxb2 24. Qxa6 Qxe4 25. Qxd6 Rhb8 26. a5 R8b5 27. Qa3 R2b3 28. Qa1+ Kh6 29. h3 Rg5 30. g3 Rbxg3+ 31. fxg3 Rxg3+ 32. Kf2 Rg2# 0-1


[Site "https://www.chess.com"]

[Event "Titled Tuesday Blitz February 14 Late 2023"]
[White "Poeta, Caio Medeiros"]
[Black "Jesusesmifuerza"]
[WhiteFideId "2142660"]
[WhiteElo "2088"]
[BlackElo "2001"]
[Result "1-0"]
[Round "02"]
[TimeControl "180+2"]
[Date "2023.02.14"]
[WhiteClock "0:02:55"]
[BlackClock "0:02:34"]

1. d4 d5 2. c4 e6 3. Nf3 a6 4. Nbd2 Nf6 5. g3 dxc4 6. Nxc4 b5 7. Ncd2 Bb7 8. Bg2 c5 9. O-O cxd4 10. Nb3 Bc5 11. Nxc5 1-0


[Site "https://www.chess.com"]

[Event "Titled Tuesday Blitz February 14 Late 2023"]
[White "Vargas, Mauricio"]
[Black "CheckBits"]
[WhiteFideId "4404572"]
[WhiteElo "2035"]
[BlackElo "2468"]
[Result "0-1"]
[Round "02"]
[TimeControl "180+2"]
[Date "2023.02.14"]
[WhiteClock "0:00:04"]
[BlackClock "0:00:29"]

1. e4 e5 2. Nf3 Nc6 3. Bc4 Bc5 4. O-O Nf6 5. d4 Bxd4 6. Nxd4 Nxd4 7. f4 d6 8. fxe5 dxe5 9. Bg5 Qe7 10. Nc3 c6 11. Bb3 Be6 12. Rf2 O-O-O 13. Ba4 Nb3 14. Qe1 Nxa1 15. Qxa1 Qc5 16. Qf1 Bc4 17. Qe1 Rd6 18. Be3 Qa5 19. a3 Rhd8 20. b4 Qa6 21. Bc5 R6d7 22. Qe3 b6 23. b5 Qa5 24. Bb4 Rd1+ 25. Nxd1 Rxd1+ 26. Rf1 Rxf1# 0-1


[Site "https://www.chess.com"]

[Event "Titled Tuesday Blitz February 14 Late 2023"]
[White "Dinu, Dumitru-Daniel"]
[Black "Manu_ChessExcelsior"]
[WhiteFideId "1208403"]
[WhiteElo "2203"]
[BlackElo "1985"]
[Result "1-0"]
[Round "02"]
[TimeControl "180+2"]
[Date "2023.02.14"]
[WhiteClock "0:00:16"]
[BlackClock "0:00:48"]

1. e4 e5 2. Nf3 Nc6 3. Bb5 a6 4. Ba4 Nf6 5. d3 b5 6. Bb3 d6 7. c3 Bb7 8. O-O Be7 9. Re1 O-O 10. Nbd2 Na5 11. Bc2 c5 12. Nf1 Nc6 13. Ng3 Re8 14. Nf5 Bf8 15. Bg5 h6 16. Bh4 Bc8 17. Ne3 g5 18. Nxg5 hxg5 19. Bxg5 Bg7 20. Qf3 Re6 21. Bb3 c4 22. dxc4 Na5 23. cxb5 Nxb3 24. axb3 Bb7 25. Nf5 Qf8 26. bxa6 Rxa6 27. Rxa6 Bxa6 28. Qg3 Nh7 29. Bh6 Rg6 30. Bxg7 Rxg7 31. Qxg7+ Qxg7 32. Nxg7 Kxg7 33. Rd1 Bb7 34. f3 f5 35. Rxd6 Nf6 36. exf5 Kf7 37. Re6 Bd5 38. Rxe5 Bxb3 39. g4 Nd5 40. Kf2 Nf4 41. Kg3 Nd3 42. Rb5 Bc2 43. Rb7+ Kf6 44. h4 Bd1 45. Rd7 Be2 46. h5 Ne5 47. Rd6+ Kf7 48. Re6 Bxf3 49. Rxe5 1-0


[Site "https://www.chess.com"]

[Event "Titled Tuesday Blitz February 14 Late 2023"]
[White "Oliveira, Tiago Batista"]
[Black "Ferreira, Vitor Hugo Vieira"]
[WhiteFideId "2108291"]
[BlackFideId "2119765"]
[WhiteElo "1991"]
[BlackElo "2128"]
[Result "0-1"]
[Round "02"]
[TimeControl "180+2"]
[Date "2023.02.14"]
[WhiteClock "0:00:01"]
[BlackClock "0:00:39"]

1. d4 d5 2. c4 dxc4 3. Nf3 Nf6 4. g3 c5 5. Qa4+ Nc6 6. Ne5 Qa5+ 7. Qxa5 Nxa5 8. Bd2 Nc6 9. Nxc6 bxc6 10. Bg2 Bd7 11. dxc5 e6 12. Na3 Bxc5 13. Nxc4 Rb8 14. O-O O-O 15. Rac1 Bd4 16. b3 Nd5 17. e4 Nb6 18. Bf4 Rbd8 19. Ne5 c5 20. Nxd7 Rxd7 21. Rfe1 e5 22. Be3 Rfd8 23. f4 f6 24. Bh3 Rd6 25. Bxd4 cxd4 26. Rc7 a6 27. fxe5 fxe5 28. Rf1 d3 29. Rff7 Rg6 30. Bf5 d2 31. Bxg6 d1=Q+ 32. Kg2 Rd2+ 33. Kh3 hxg6 34. Rxg7+ Kf8 35. Rgf7+ Ke8 36. Rce7+ Kd8 37. Rxe5 Rd7 38. Rf6 Rh7+ 0-1


[Site "https://www.chess.com"]